 Seeded DCSS version 0.30-a0-918-g0ff054e9dc (webtiles) character file.

Game seed: 3425090202442293766 (custom seed)

39193 valliere the Grappler (level 14, -12/101 HPs)
             Began as an Octopode Transmuter on Mar 21, 2023.
             Was a Believer of Ashenzari.
             Mangled by a black mamba (18 damage)
             ... on level 1 of the Snake Pit.
             The game lasted 00:53:47 (13966 turns).

valliere the Grappler (Octopode Transmuter)        Turns: 13966, Time: 00:53:50

Health: -12/101    AC:  5    Str: 17    XL:     14   Next: 5%
Magic:  46/46      EV: 19    Int: 21    God:    Ashenzari [**....]
Gold:   972        SH:  0    Dex: 16    Spells: 11/34 levels left

rFire   + + .      SeeInvis +      - Unarmed
rCold   . . .      Faith    .    (no shield)
rNeg    . . .      Spirit   .    (helmet restricted)
rPois   .          Reflect  .    P - amulet of Ashenzari's Visionary {Regen+, Self, Melee} (curse)
rElec   +          Rampage  .    i - ring of magical power
rCorr   +          Clarity  +    c - ring of see invisible
Will    ++...                    b - ring of Ephemeral Luck {*Slow Will+ rCorr AC+4 Stlth+}
Stlth   +++++++                  C - ring of the Prophetic Repose {EV+5, Alch, Self} (curse)
HPRegen 1.16/turn                B - ring "Visionary of Ashenzari" {*Slow rElec rF++ rCorr Int+2, Alch, Self} (curse)
MPRegen 0.30/turn                g - ring of magical power
                                 S - ring "Restrained With Me" {Int+6, Elem, Self} (curse)
                                 (no ring)

@: lethally poisoned (-12 -> -15), constricted, studying Long Blades
A: almost no armour, amphibious, 8 rings, camouflage 1, gelatinous body 1,
(nimble swimmer 1), tentacles, agile 1, clarity, strong 1
a: Renounce Religion, Shatter the Chains


You were on level 1 of the Snake Pit.
You worshipped Ashenzari.
Ashenzari was pleased with you.
You visited 4 branches of the dungeon, and saw 16 of its levels.
You also visited: Bailey.

You collected 1016 gold pieces.
You spent 44 gold pieces at shops.

Inventory:

Missiles
 f - 13 poisoned darts
 y - 2 throwing nets
Jewellery
 b - the ring of Ephemeral Luck (on tentacle) {*Slow Will+ rCorr AC+4 Stlth+}
   (You acquired it on level 1 of the Dungeon)

   [ring of protection]

   AC:        It affects your AC (+4).
   rCorr:     It protects you from acid and corrosion.
   *Slow:     It may slow you when you take damage.
   Will:      It increases your willpower.
   Stlth:     It makes you more stealthy.
 c - a ring of see invisible (right tentacle)
 g - a ring of magical power (on tentacle)
 i - a ring of magical power (left tentacle)
 k - an amulet of guardian spirit
 n - an amulet of the acrobat
 B - the cursed ring "Visionary of Ashenzari" (on tentacle) {*Slow rElec rF++ rCorr Int+2, Alch, Self}
   (You acquired it on level 3 of the Dungeon)

   [ring of resist corrosion]

   Int:       It affects your intelligence (+2).
   rF:        It greatly protects you from fire.
   rElec:     It insulates you from electricity.
   rCorr:     It protects you from acid and corrosion.
   *Slow:     It may slow you when you take damage.
   It has a curse which improves the following skills: Alchemy: Poison Magic and
   Transmutations.
   Introspection: Fighting and Spellcasting.
 C - the cursed ring of the Prophetic Repose (on tentacle) {EV+5, Alch, Self}
   (You acquired it on level 4 of the Dungeon)

   [ring of evasion]

   EV:        It affects your evasion (+5).
   It has a curse which improves the following skills: Alchemy: Poison Magic and
   Transmutations.
   Introspection: Fighting and Spellcasting.
 K - a ring of ice
 P - the cursed amulet of Ashenzari's Visionary (around mantle) {Regen+, Self, Melee}
   (You found it on level 10 of the Dungeon)

   [amulet of regeneration]

   Regen:     It increases your rate of health regeneration.
   It has a curse which improves the following skills: Introspection: Fighting
   and Spellcasting.
   Melee Combat: Short Blades, Long Blades, Axes, Maces & Flails, Polearms,
   Staves and Unarmed Combat.
 S - the cursed ring "Restrained With Me" (on tentacle) {Int+6, Elem, Self}
   (You found it on level 11 of the Dungeon)

   [ring of intelligence]

   Int:       It affects your intelligence (+6).
   It has a curse which improves the following skills: Elements: Fire Magic, Ice
   Magic, Air Magic and Earth Magic.
   Introspection: Fighting and Spellcasting.
Wands
 E - a wand of flame (12)
 M - a wand of polymorph (3)
 O - a wand of light (4)
 R - a wand of charming (11)
 T - a wand of iceblast (3)
 U - a wand of mindburst (10)
Scrolls
 d - a scroll of blinking
 e - 5 scrolls of noise
 h - 4 scrolls of enchant armour
 p - 5 scrolls of magic mapping
 r - 2 scrolls of fear
 s - 4 scrolls of silence
 u - 2 scrolls of immolation
 v - 6 scrolls of fog
 x - 8 scrolls of teleportation
 F - 2 scrolls of vulnerability
 H - 2 scrolls of enchant weapon
 I - a scroll of amnesia
 L - a scroll of poison
 N - a scroll of brand weapon
Potions
 a - 4 potions of lignification
 j - 4 potions of degeneration
 l - 3 potions of resistance
 m - a potion of flight
 o - 10 potions of curing
 q - 3 potions of brilliance
 t - a potion of ambrosia
 w - 4 potions of attraction
 z - 3 potions of haste
 A - 5 potions of might
 D - 3 potions of heal wounds
 G - 3 potions of mutation
 J - 3 potions of magic
 Q - a potion of invisibility
Miscellaneous
 V - a condenser vane


   Skills:
 + Level 8.5(11.3) Fighting
 + Level 8.6 Dodging
 + Level 11.5 Stealth
 * Level 11.7(12.8) Unarmed Combat
 + Level 7.9(10.8) Spellcasting
 * Level 11.4(13.1) Transmutations
 + Level 7.6(8.8) Air Magic


You had 11 spell levels left.
You knew the following spells:

 Your Spells              Type           Power      Damage    Failure   Level
a - Beastly Appendage     Tmut           100%       N/A       1%          1
b - Spider Form           Tmut/Pois      39%        N/A       1%          3
c - Ice Form              Ice/Tmut       39%        N/A       4%          4
d - Mephitic Cloud        Conj/Pois/Air  24%        N/A       5%          3
e - Storm Form            Tmut/Air       27%        N/A       50%         7
f - Blade Hands           Tmut           30%        N/A       1%          5

Your spell library contained the following spells:

 Spells                   Type           Power      Damage    Failure   Level
 Poisonous Vapours        Pois/Air       60%        N/A       1%          2
 Wereblood                Tmut           60%        N/A       1%          2
 Cigotuvi's Dreadful Rot  Necr/Pois/Air  48%        N/A       2%          2
 Foxfire                  Conj/Fire      44%        2x1d6     6%          1
 Blink                    Tloc           22%        N/A       9%          2
 Sublimation of Blood     Necr           11%        N/A       9%          2
 Portal Projectile        Hex/Tloc       22%        N/A       19%         3
 Tukima's Dance           Hex            11%        N/A       19%         3
 Animate Dead             Necr           11%        N/A       52%         4
 Manifold Assault         Tloc           11%        N/A       52%         4
 Fireball                 Conj/Fire      5%         3d5       85%         5
 Starburst                Conj/Fire      5%         6d4       100%        6
 Haunt                    Necr/Summ      5%         N/A       100%        7
 Summon Hydra             Summ           5%         N/A       100%        7
 Infestation              Necr           5%         N/A       100%        8


Dungeon Overview and Level Annotations

Branches:
Dungeon (12/15)            Temple (1/1) D:5            Lair (3/5) D:10
 Shoals (0/4) Lair:3        Snake (1/4) Lair:3          Orc (0/2) D:10
 Bailey (visited)

Altars:
Ashenzari
Cheibriados
Dithmenos
Elyvilon
Gozag
Hepliaklqana
Kikubaaqudgha
Makhleb
Nemelex Xobeh
Okawaru
Qazlal
Ru
Sif Muna
Trog
Vehumet
Wu Jian
Xom
Yredelemnul
Zin
The Shining One

Shops:
D:2 ?(   D:6 *=

Annotations:
D:6 3 runed translucent doors, cforsyth's ghost, novice HuFi
D:9 2 transporters, Demosthentine's ghost, novice DsGl
D:11 MrSquiggles's ghost, journeyman MiFi
Temple 2 transporters
Snake:1 Mlioglotl


Innate Abilities, Weirdness & Mutations

You cannot wear most types of armour.
You are amphibious.
You can wear up to eight rings at the same time.
Your skin changes colour to match your surroundings (Stealth+).
Your rubbery body absorbs attacks. (AC +1, EV +1)
((You are camouflaged when in or above water. (Stealth+)))
You have tentacles for arms and can constrict up to eight enemies at once.
You are agile. (Dex +4, Str/Int -1)
You possess an exceptional clarity of mind.
Your muscles are strong. (Str +4, Int/Dex -1)


Message History

The black mamba attacks as you move away!
The black mamba closely misses you.
A black mamba comes into view.
You feel sick.
You feel sick.
The black mamba hisses angrily.
The black mamba closely misses you. The anaconda grabs you.
The anaconda barely misses you. The anaconda constricts you.
The black mamba hisses angrily.
You hear a shout!
The anaconda's grasp on you weakens, but your attempt to escape fails.
You feel sick.
You hear an angry hiss.
The black mamba bites you! The anaconda loses its grip on you.
The black mamba barely misses you.
Unknown command.
You warm up again.
You feel sick.
You are no longer poisoned.
The black mamba completely misses you. The black mamba barely misses you.
A naga warrior comes into view. It is wielding a +0 short sword.
The black mamba bites you!
You are poisoned.
The black mamba poisons you! The black mamba completely misses you.
You feel very sick. The anaconda grabs you. The anaconda bites you!
* * * LOW HITPOINT WARNING * * *
The anaconda constricts you.
* * * LOW HITPOINT WARNING * * *
The black mamba bites you but does no damage.
The black mamba closely misses you.
A black mamba comes into view.
The anaconda barely misses you. The anaconda constricts you.
* * * LOW HITPOINT WARNING * * *
Blink to where?
Press: ? - help, Dir - move target The anaconda's grasp on you weakens, but your attempt to escape fails.
As you read the scroll of blinking, it crumbles to dust.
You feel very sick. The black mamba misses you. The black mamba bites you!!
You die...

, ..... * ##..S......., ,
...........SS###........§. ,
#.#...#.^................. *
#.#...#....####...S..≈..§. *
#N....#....# #.....§≈≈≈..
#....###..#####.....≈≈§≈≈
*#....#.......##.S§.≈≈≈≈≈§
..##...$S......SSSS...≈§§§≈≈
,
,.......<.......@SS...N.§§≈≈
,....##.N.....###SSN.......,
# , ##...^...#####.......
......#.. ,....... * .$.#.##
. , ,....... , ,, , ......#
, ,..#.... , , ...## . , ,
##### ##### .. , ,


You could see a naga warrior, a salamander, 2 anacondas, a mana viper and 8
black mambas.

Vanquished Creatures
  2 vault guards (Bailey)
  3 hydras
  A catoblepas (Lair:2)
  An anaconda (Snake:1)
  2 boulder beetles
  2 two-headed ogres
  A naga warrior (Snake:1)
  3 death yaks (Lair:1)
  A shock serpent (Snake:1)
  Sonja (Lair:3)
  Amaemon (Lair:1)
  2 skysharks
  A naga ritualist (Snake:1)
  Pikel (D:9)
  A deep elf pyromancer (D:12)
  A cyclops (D:11)
  A manticore (D:11)
  17 elephants
  2 black mambas
  An orange demon (Lair:1)
  A gargoyle (D:12)
  5 cane toads
  Psyche (D:9)
  5 komodo dragons
  Prince Ribbit (Bailey)
  2 trolls
  Grinder (D:4)
  4 dream sheep (Lair:3)
  Sigmund (D:3)
  A shadow (D:11)
  4 wyverns
  A vampire (D:12)
  10 humans
  30 yaks
  2 wargs (D:10)
  2 basilisks
  6 vampire mosquitoes
  2 acid dragons
  3 nagas (Lair:3)
  7 water moccasins
  2 ice beasts
  A sky beast (D:7)
  4 orc warriors
  3 black bears
  6 wolves (Lair:1)
  3 ogres
  4 centaurs
  A gnoll sergeant (D:6)
  A kobold brigand (D:9)
  3 scorpions
  14 bullfrogs
  5 killer bees (D:11)
  An electric eel (Lair:3)
  3 howler monkeys (D:7)
  A crimson imp (D:4)
  2 quasits (D:11)
  11 hounds
  A jelly (D:6)
  8 orc priests
  2 sleepcaps (D:6)
  2 iguanas (D:6)
  Terence (D:3)
  6 orc wizards
  3 gnolls (D:6)
  6 adders
  A shadow imp (D:5)
  A worm (D:2)
  14 dart slugs
  32 orcs
  8 ball pythons
  7 bats
  5 endoplasms
  3 giant cockroaches
  12 goblins
  9 hobgoblins
  A jackal (D:7)
  8 kobolds
  A quokka (D:2)
  4 frilled lizards
  A goblin skeleton (D:4)
  A goblin zombie (D:4)
  A hobgoblin zombie (D:4)
  A kobold skeleton (D:4)
  2 kobold zombies (D:4)
  An orc skeleton (D:4)
  13 rats
354 creatures vanquished.

Vanquished Creatures (others)
  A bush (Lair:2)
  6 fungi
  19 plants
26 creatures vanquished.

Grand Total: 380 creatures vanquished

Notes
Turn   | Place    | Note
-------+----------+-------------------------------------------
     0 | D:1      | valliere the Octopode Transmuter began the quest for the
                  | Orb.
     0 | D:1      | Reached XP level 1. HP: 13/13 MP: 3/3
   144 | D:1      | Reached XP level 2. HP: 15/18 MP: 3/5
   254 | D:1      | Identified 2 scrolls of acquirement
   254 | D:1      | Acquired a ring of magical power
   258 | D:1      | Acquired the ring of Ephemeral Luck {*Slow Will+ rCorr AC+4
                  | Stlth+}
   640 | D:1      | Found a faded altar of an unknown god.
   720 | D:1      | Reached XP level 3. HP: 23/23 MP: 6/6
   865 | D:2      | Reached skill level 1 in Stealth
   892 | D:2      | Found Nareh's Weapon Boutique.
  1019 | D:2      | Found Lipoy's Magic Scroll Boutique.
  1025 | D:2      | Bought a scroll of identify for 22 gold pieces
  1025 | D:2      | Bought a scroll of identify for 22 gold pieces
  1172 | D:2      | Reached XP level 4. HP: 27/29 MP: 7/7
  1707 | D:3      | Reached XP level 5. HP: 29/34 MP: 8/8
  2094 | D:3      | Noticed Sigmund
  2119 | D:3      | Killed Sigmund
  2120 | D:3      | Reached XP level 6. HP: 24/41 MP: 10/10
  2386 | D:3      | Noticed Terence
  2396 | D:3      | Killed Terence
  2495 | D:4      | Noticed Grinder
  2559 | D:4      | Acquired a +5 ring of evasion
  2585 | D:3      | Acquired the ring of Otary {*Slow rElec rF++ rCorr Int+2}
  2652 | D:3      | Learned a level 3 spell: Spider Form
  2790 | D:4      | Paralysed by Grinder for 3 turns
  2796 | D:4      | Killed Grinder
  2797 | D:4      | Reached XP level 7. HP: 9/46 MP: 12/12
  3122 | D:4      | Found a glowing golden altar of the Shining One.
  3331 | D:4      | Found a white marble altar of Elyvilon.
  3331 | D:4      | Found a basalt altar of Yredelemnul.
  3332 | D:4      | Found an ornate altar of the Wu Jian Council.
  4041 | D:5      | Entered Level 5 of the Dungeon
  4094 | D:5      | Identified the +2 robe of a Hundred Friends {rElec Str+4
                  | Int-5 Slay+3}
  4385 | D:5      | Found an iron altar of Okawaru.
  4413 | D:5      | Reached skill level 1 in Air Magic
  4413 | D:5      | Reached XP level 8. HP: 30/52 MP: 13/13
  4506 | D:5      | Found a staircase to the Ecumenical Temple.
  4515 | Temple   | Entered the Ecumenical Temple
  4515 | Temple   | Found a transporter.
  4515 | Temple   | Found a transporter.
  4517 | Temple   | Found a transporter.
  4517 | Temple   | Found a transporter.
  4527 | Temple   | Became a worshipper of Ashenzari the Shackled
  4879 | D:5      | Reached skill level 5 in Unarmed Combat
  5145 | D:6      | Reached skill level 5 in Stealth
  5239 | D:6      | Found a glowing silver altar of Zin.
  5540 | D:6      | Found a bloodstained altar of Trog.
  5557 | D:6      | Reached skill level 5 in Transmutations
  5557 | D:6      | Reached XP level 9. HP: 52/58 MP: 15/15
  5683 | D:6      | Found Kausagei's Jewellery Shop.
  5695 | D:6      | Found Xyeg's General Store.
  5930 | D:6      | Noticed cforsyth's ghost (novice HuFi)
  5931 | D:6      | Found a runed translucent gate.
  5931 | D:6      | Found a runed translucent gate.
  5931 | D:6      | Found a runed translucent gate.
  6227 | D:6      | Learned a level 4 spell: Ice Form
  6372 | D:7      | Reached skill level 5 in Dodging
  6753 | D:7      | Reached skill level 5 in Fighting
  6753 | D:7      | Reached XP level 10. HP: 45/66 MP: 17/17
  6761 | D:7      | Reached skill level 5 in Spellcasting
  7207 | D:7      | You fall into a shaft and drop 2 floors!
  7306 | D:9      | Learned a level 3 spell: Mephitic Cloud
  7315 | D:9      | Found a stormy altar of Qazlal.
  7441 | D:9      | Noticed Psyche
  7632 | D:9      | Noticed Pikel
  7654 | D:9      | Killed Pikel
  8035 | D:9      | Noticed a moth of wrath
  8045 | D:9      | Found a transporter.
  8049 | D:9      | Noticed Demosthentine's ghost (novice DsGl)
  8066 | D:9      | Found a transporter.
  8306 | D:9      | Killed Psyche
  8333 | D:10     | Entered Level 10 of the Dungeon
  8352 | D:10     | Reached XP level 11. HP: 72/72 MP: 20/20
  8425 | D:10     | Found an opulent altar of Gozag.
  8426 | D:10     | Found a sparkling altar of Nemelex Xobeh.
  8532 | D:10     | Found a flagged portal.
  8547 | Bailey   | Entered a bailey
  8569 | Bailey   | Reached skill level 5 in Air Magic
  8621 | Bailey   | Noticed a vault guard
  8639 | Bailey   | Killed a vault guard
  8696 | Bailey   | Noticed Prince Ribbit
  8696 | Bailey   | Noticed a vault guard
  8711 | Bailey   | Killed Prince Ribbit
  8716 | Bailey   | Killed a vault guard
  8930 | D:10     | Found a staircase to the Orcish Mines.
  8954 | D:10     | Found a staircase to the Lair.
  9399 | D:11     | Noticed a two-headed ogre
  9411 | D:11     | Killed a two-headed ogre
  9428 | D:11     | Noticed MrSquiggles's ghost (journeyman MiFi)
  9439 | D:11     | Found a transporter.
  9465 | D:11     | Found a transporter.
  9519 | D:11     | Noticed a manticore
  9539 | D:11     | Killed a manticore
  9616 | D:11     | Noticed a boulder beetle
  9642 | D:11     | Killed a boulder beetle
  9643 | D:11     | Reached XP level 12. HP: 59/81 MP: 22/22
  9782 | D:11     | Reached * piety under Ashenzari
 10118 | D:12     | Noticed a two-headed ogre
 10135 | D:12     | Killed a two-headed ogre
 10310 | D:12     | Noticed a boulder beetle
 10321 | D:12     | Killed a boulder beetle
 10505 | Lair:1   | Entered Level 1 of the Lair of Beasts
 10548 | Lair:1   | Noticed a death yak
 10560 | Lair:1   | Noticed a death yak
 10582 | Lair:1   | Killed a death yak
 10593 | Lair:1   | Killed a death yak
 10594 | Lair:1   | Reached skill level 10 in Unarmed Combat
 10795 | Lair:1   | Noticed a death yak
 10808 | Lair:1   | Killed a death yak
 10809 | Lair:1   | Reached skill level 10 in Stealth
 11077 | Lair:1   | Noticed Amaemon
 11084 | Lair:1   | Killed Amaemon
 11085 | Lair:1   | Reached skill level 10 in Transmutations
 11642 | Lair:2   | Noticed an eight-headed hydra
 11730 | Lair:2   | Reached XP level 13. HP: 47/90 MP: 25/25
 11976 | Lair:2   | Gained mutation: You possess an exceptional clarity of
                  | mind. [potion of mutation]
 11976 | Lair:2   | Gained mutation: Your muscles are strong. (Str +4, Int/Dex
                  | -1) [potion of mutation]
 11976 | Lair:2   | Gained mutation: You are agile. (Dex +4, Str/Int -1)
                  | [potion of mutation]
 11985 | Lair:2   | Learned a level 7 spell: Storm Form
 12700 | Lair:3   | Learned a level 5 spell: Blade Hands
 12808 | Lair:3   | Found a staircase to the Snake Pit.
 13071 | Lair:3   | Noticed Sonja
 13085 | Lair:3   | Killed Sonja
 13230 | Lair:3   | Found a staircase to the Shoals.
 13609 | Lair:3   | Reached ** piety under Ashenzari
 13904 | Snake:1  | Entered Level 1 of the Snake Pit
 13904 | Snake:1  | Noticed Mlioglotl
 13933 | Snake:1  | Reached XP level 14. HP: 23/101 MP: 28/28
 13966 | Snake:1  | Mangled by a black mamba

Illustrated notes

Levels and vault maps discovered:
D:1:      minmay_arrival_loop, layout_basic, ebering_ecumenical_altar_webs,
          moated_statue, minmay_tetromino_s2
D:2:      minmay_angry_zag, layout_basic, serial_shops,
          nicolae_shop_behind_doors, nicolae_shop_bloodbath_and_beyond,
          minmay_cut_off
D:3:      kennysheep_slugbush, layout_basic, uniq_sigmund, uniq_terence
D:4:      layout_layer_cave, gammafunk_temple_overflow_claw,
          nicolae_tso_besieged_by_evil, minivault_24, uniq_grinder
D:5:      layout_loops_ring, mainiacjoe_overflow_small_starburst,
          minmay_temple_entry_grid, minmay_misc_feat_square
D:6:      cheibrodos_iron_armory, layout_basic, bloody_trog, marbit_many_paths,
          serial_shops, shop, shop, biasface_ghost_orc_armoury,
          minmay_manual_mares
D:7:      erik_cavepeople, layout_basic
D:9:      layout_loops_corners, grunt_qazlal_clouds,
          gammafunk_ghost_berserking_beasts, uniq_psyche, uniq_pikel
D:10:     layout_loops_ring, grunt_temple_overflow_opulence,
          erik_lair_orcish_takeover, orc_0_dummy, enter_bailey_5
D:11:     layout_loops_cross, gammafunk_ghost_stat_death
D:12:     layout_long_grid
Temple:   hellmonk_temple_divided_pantheon
Lair:1:   layout_cave_pods, nicolae_quartered_pool_little, grunt_megastairs_3,
          uniq_amaemon, uniq_urug
Lair:2:   layout_roguey, infiniplex_staircase_pool_2
Lair:3:   layout_cave_pods, elwin_shoals_entry_rooms,
          guppyfry_snake_entry_island, uniq_sonja
Snake:1:  layout_misc_corridors, ebering_ghost_xom, drop_trap, st_stairs_5,
          nicolae_snake_lava_pool, uniq_aizul, uniq_mlioglotl

Skill      XL: |  1  2  3  4  5  6  7  8  9 10 11 12 13 |
---------------+----------------------------------------+-----
Stealth        | 1 2 3 4 5 6 7 9 10 11 | 11.5
Fighting       | 2 3 4 5 6 7 8 |  8.5
Dodging        | 3 4 5 6 7 8 |  8.6
Unarmed Combat | 4 5 6 8 9 10 11 | 11.7
Spellcasting   | 3 4 5 6 7 |  7.9
Transmutations | 3 5 6 7 9 10 11 | 11.4
Air Magic      | 1 2 3 4 5 6 7 |  7.6

Action                     |  1- 3 |  4- 6 |  7- 9 | 10-12 | 13-15 || total
---------------------------+-------+-------+-------+-------+-------++-------
  Melee: Unarmed           |    95 |    95 |   243 |   554 |   212 ||  1199
         Constrict         |    20 |    24 |    45 |    37 |     9 ||   135
         Kick              |    17 |    21 |    62 |    64 |     7 ||   171
         Tentacles         |    12 |    16 |    42 |    53 |    19 ||   142
         Punch             |     2 |       |    12 |    13 |     8 ||    35
  Throw: Throwing net      |       |     1 |       |       |       ||     1
   Cast: Beastly Appendage |    20 |    19 |    33 |    25 |     5 ||   102
         Spider Form       |       |     3 |    10 |    15 |       ||    28
         Ice Form          |       |       |       |    17 |    10 ||    27
         Mephitic Cloud    |       |       |       |     3 |     1 ||     4
         Blade Hands       |       |       |       |       |     6 ||     6
 Invoke: Curse Item        |       |       |       |     3 |     1 ||     4
Ability: End Transformatio |       |       |       |     1 |       ||     1
    Use: Scroll            |     2 |     2 |     7 |     2 |     5 ||    18
         Potion            |       |       |       |     1 |     4 ||     5
   Stab: Sleeping          |    12 |    10 |    14 |    22 |    10 ||    68
         Held in net/web   |       |     1 |       |       |       ||     1
         Confused          |       |       |       |     2 |     1 ||     3
         Distracted        |       |       |       |       |     1 ||     1
 Armour: Skin              |    17 |    12 |    18 |    71 |    76 ||   194
  Dodge: Dodged            |    60 |    63 |   192 |   452 |   266 ||  1033

Table legend: (Time is in decaauts)
 A = Elapsed time spent in this place.
 B = Non-inter-level travel time spent in this place.
 C = Inter-level travel time spent in this place.
 D = Time resting spent in this place.
 E = Time spent auto-exploring this place.
 F = Levels seen in this place.
 G = Mean time per level.
                   A        B        C        D        E       F      G
               +--------+--------+--------+--------+--------+-----+--------+
         Total |  13790 |  13418 |    372 |    314 |  10046 |  17 |  811.2 |
       Dungeon |  10065 |   9761 |    304 |    233 |   7371 |  11 |  915.0 |
        Temple |     26 |     17 |      9 |      0 |      0 |   1 |   26.0 |
          Lair |   3328 |   3269 |     59 |     81 |   2504 |   3 | 1109.3 |
     Snake Pit |     62 |     62 |      0 |      0 |      0 |   1 |   62.0 |
        Bailey |    307 |    307 |      0 |      0 |    171 |   1 |  307.0 |
               +--------+--------+--------+--------+--------+-----+--------+

Top non-repeatable levels by time:
     D:4: 1260 daAuts
  Lair:3: 1184 daAuts
     D:6: 1161 daAuts
     D:3: 1122 daAuts
     D:9: 1104 daAuts
  Lair:1: 1101 daAuts
  Lair:2: 1042 daAuts
     D:5: 986 daAuts
     D:7: 960 daAuts
     D:2: 906 daAuts
    D:10: 746 daAuts
     D:1: 738 daAuts
    D:11: 702 daAuts
    D:12: 376 daAuts
  Bailey: 307 daAuts
